 Dungeon Crawl Stone Soup version 0.30-a0-458-g86641cc369 (webtiles) character file.

Game seed: 10306214676282529751

252 funkygono the Firebug (level 5, 0/35 HPs)
             Began as a Demonspawn Fire Elementalist on Dec 14, 2022.
             Slain by a hobgoblin (1 damage)
             ... led by Robin
             ... on level 3 of the Dungeon.
             The game lasted 00:04:50 (2911 turns).

funkygono the Firebug (DsFE)                        Turns: 2911, Time: 00:04:51

Health: 0/35       AC:  8    Str:  8    XL:     5   Next: 89%
Magic:  7/10       EV: 13    Int: 18    God:
Gold:   251        SH:  0    Dex: 20    Spells: 1/11 levels left

rFire   . . .      SeeInvis .    n - +0 flail
rCold   . . .      Faith    .    (no shield)
rNeg    . . .      Spirit   .    a - +0 robe
rPois   .          Reflect  .    (helmet restricted)
rElec   .          Harm     .    f - +2 cloak
rCorr   .          Rampage  .    s - +0 pair of gloves
Will    .....                    l - +1 pair of boots
Stlth   ++........               (no amulet)
HPRegen 0.25/turn                h - +6 ring of dexterity
MPRegen 0.24/turn                (no ring)

@: lethally poisoned (0 -> -2)
A: hooves 1, horns 1, magic regeneration
a: no special abilities


You were on level 3 of the Dungeon.
You visited 1 branch of the dungeon, and saw 3 of its levels.
You also visited: Sewer.

You collected 251 gold pieces.

Inventory:

Hand Weapons
 n - a +0 flail (weapon)
 p - a +2 dagger of venom
Armour
 a - a +0 robe (worn)
 f - a +2 cloak (worn)
 l - a +1 pair of boots (worn)
 s - a +0 pair of gloves (worn)
Magical Staves
 u - a staff of conjuration
Jewellery
 h - a +6 ring of dexterity (left hand)
 m - an amulet of guardian spirit
Scrolls
 c - a scroll of acquirement {unknown}
 d - 3 scrolls of teleportation {unknown}
 e - a scroll of enchant weapon {unknown}
 j - 2 scrolls of identify {unknown}
 o - a scroll of enchant armour {unknown}
 q - a scroll of magic mapping {unknown}
 t - a scroll of vulnerability {unknown}
 v - a scroll of fear {unknown}
Potions
 g - 3 potions of curing {unknown}
 i - 2 potions of heal wounds {unknown}
 k - a potion of haste {unknown}
 r - 2 potions of degeneration {unknown}


   Skills:
 + Level 2.2 Dodging
 - Level 1.7 Stealth
 + Level 3.5 Spellcasting
 + Level 2.6 Conjurations
 + Level 4.4 Fire Magic


You had one spell level left.
You knew the following spells:

 Your Spells              Type           Power      Damage    Failure   Level
a - Foxfire               Conj/Fire      60%        2x1d7     3%          1
b - Scorch                Fire           38%        2d7       3%          2
c - Kindle Blastsparks    Fire/Tloc/Air  16%        2d11      26%         3
d - Flame Wave            Conj/Fire      15%        2d7       36%         4

Your spell library contained the following spells:

 Spells                   Type           Power      Damage    Failure   Level
 Inner Flame              Hex/Fire       11%        N/A       19%         3
 Ignite Poison            Fire/Tmut/Pois 8%         N/A       26%         3
 Gell's Gravitas          Tloc           3%         N/A       43%         3
 Spider Form              Tmut/Pois      3%         N/A       43%         3
 Teleport Other           Tloc           3%         N/A       43%         3
 Vhi's Electric Charge    Tloc/Air       6%         N/A       43%         3
 Olgreb's Toxic Radiance  Pois           3%         N/A       83%         4
 Passage of Golubria      Tloc           3%         N/A       83%         4
 Petrify                  Tmut/Erth      3%         N/A       83%         4
 Freezing Cloud           Conj/Ice/Air   3%         6-21      96%         5
 Alistair's Intoxication  Tmut/Pois      2%         N/A       99%         5
 Silence                  Hex/Air        1%         N/A       99%         5
 Dispersal                Tloc           1%         N/A       100%        6
 Lehudib's Crystal Spear  Conj/Erth      3%         10d3      100%        8
 Chain Lightning          Conj/Air       3%         3d4       100%        9


Dungeon Overview and Level Annotations

Branches:
Dungeon (3/15)              Sewer (visited)

Altars:
Nemelex Xobeh

Annotations:
D:3 Robin


Innate Abilities, Weirdness & Mutations

You have large cloven feet.
You have a pair of small horns on your head.
You regenerate magic rapidly.


Message History

You feel very sick. The goblin attacks as you move away!
The goblin barely misses you.
You feel sick.
Casting: Foxfire (safe; 3% risk of failure)
Confirm with . or Enter, or press ? or * to list all spells.
You conjure some foxfire!
You feel sick. The goblin hits you but does no damage.
You are lethally poisoned!
* * * LOW HITPOINT WARNING * * *
You feel very sick.
The foxfire hits the goblin.
The goblin is moderately wounded.
The foxfire hits the goblin.
You kill the goblin!
* * * LOW HITPOINT WARNING * * *
You feel very sick. Magic courses through your body.
* * * LOW HITPOINT WARNING * * *
You feel sick.
Casting: Foxfire (safe; 3% risk of failure)
Confirm with . or Enter, or press ? or * to list all spells.
Flames lash the hobgoblin.
The hobgoblin is almost dead.
The hobgoblin's fire resistance burns away.
* * * LOW HITPOINT WARNING * * *
You feel sick. The goblin barely misses you.
The goblin attacks as you move away! The goblin barely misses you.
* * * LOW HITPOINT WARNING * * *
You feel sick.
Casting: Scorch (safe; 3% risk of failure)
Confirm with . or Enter, or press ? or * to list all spells.
Flames lash the goblin.
You kill the goblin!
* * * LOW HITPOINT WARNING * * *
You feel sick.
Unknown command.
* * * LOW HITPOINT WARNING * * *
You feel sick. The hobgoblin attacks as you move away! The hobgoblin hits you.
You die...

#g# #.# ♣≈..≈§§.§§♣.. #.# #.#
♣≈.≈...≈§≈♣#. #)# #.#
♣≈.≈._.≈.≈♣#. ### #g### #.#
♣≈.≈.§.≈.≈♣#. ..# #.g.# #.#
♣§..§§≈..≈♣#. ..#
###g####.######♣.≈≈≈§§≈§§♣#. ..#
#gg.g........♣.........♣..
..###########g#####..♣♣♣♣♣♣♣♣♣..#
..............gg@......###.###.##
....)............................
...#.########.######.#.....###.##
#....# #.# #.#####...#.# #.##.#
#.# #.# #.......# #.##.# #.# #.#
#.#...### #.##.### #.# #.#
#.###...## ........ ..# #.# #.#
#.#..# .~##.############ #.# #.#
#.##.#


You could see 3 hobgoblins.

Vanquished Creatures
  2 bullfrogs (Sewer)
  2 adders
  A dart slug (D:2)
  5 orcs (D:3)
  13 endoplasms
  14 giant cockroaches
  9 goblins
  4 hobgoblins
  2 jackals (D:3)
  12 quokkas
  7 ball pythons
  2 bats (D:2)
  7 frilled lizards
  A kobold (D:2)
  A rat (D:2)
82 creatures vanquished.

Vanquished Creatures (others)
  219 foxfires
219 creatures vanquished.

Grand Total: 301 creatures vanquished

Notes
Turn   | Place    | Note
-------+----------+-------------------------------------------
     0 | D:1      | funkygono the Demonspawn Fire Elementalist began the quest
                  | for the Orb.
     0 | D:1      | Reached XP level 1. HP: 13/13 MP: 3/3
   289 | D:1      | Reached skill level 3 in Fire Magic
   439 | D:1      | Discovered your monstrous ancestry.
   439 | D:1      | Gained mutation: You have a pair of small horns on your
                  | head. [demonic ancestry]
   439 | D:1      | Reached XP level 2. HP: 19/19 MP: 3/5
   442 | D:1      | Learned a level 2 spell: Scorch
  1144 | D:2      | Found a faded altar of an unknown god.
  1149 | D:2      | Gained mutation: You regenerate magic rapidly. [demonic
                  | ancestry]
  1149 | D:2      | Reached XP level 3. HP: 24/24 MP: 3/6
  1155 | D:2      | Learned a level 3 spell: Kindle Blastsparks
  1311 | D:2      | Got Sif Muna's Book of the Unstable Snake
  1883 | D:3      | Found a glowing drain.
  1924 | Sewer    | Entered a sewer
  2077 | Sewer    | Reached XP level 4. HP: 30/30 MP: 5/8
  2329 | Sewer    | Noticed a bullfrog
  2329 | Sewer    | Noticed a bullfrog
  2333 | Sewer    | Killed a bullfrog
  2334 | Sewer    | Reached skill level 4 in Fire Magic
  2334 | Sewer    | Gained mutation: You have large cloven feet. [demonic
                  | ancestry]
  2334 | Sewer    | Reached XP level 5. HP: 33/35 MP: 4/9
  2381 | Sewer    | Got the Verses on the Filthy Nimbus
  2469 | D:3      | Found a sparkling altar of Nemelex Xobeh.
  2487 | D:3      | Learned a level 4 spell: Flame Wave
  2892 | D:3      | Noticed Robin
  2910 | D:3      | HP: 1/35 [poisoned by a goblin]
  2911 | D:3      | Slain by a hobgoblin

Illustrated notes

Levels and vault maps discovered:
D:1:      dpeg_arrival_round_c, layout_basic
D:2:      layout_loops_cross, ebering_ecumenical_altar_webs, serial_glass,
          glass_columns_b, glass_columns_a, item_on_display_a, feat_on_display,
          item_on_display_b
D:3:      layout_basic, mainiacjoe_overflow_paths, gup_sewer_entry_pipe,
          uniq_robin

Skill      XL: |  1  2  3  4 |
---------------+-------------+-----
Dodging        | 2 |  2.2
Fire Magic     | 3 4 |  4.4
Spellcasting   | 3 |  3.5
Conjurations   | 2 |  2.6
Stealth        | |  1.7

Action                   |  1- 3 |  4- 6 || total
-------------------------+-------+-------++-------
Melee: Unarmed           |     7 |       ||     7
       Flail             |       |     1 ||     1
 Cast: Foxfire           |    78 |    52 ||   130
       Scorch            |     4 |     7 ||    11
  Use: Potion            |       |     1 ||     1
Armor: Robe              |     9 |     6 ||    15
Dodge: Dodged            |    12 |    14 ||    26

Table legend: (Time is in decaauts)
 A = Elapsed time spent in this place.
 B = Non-inter-level travel time spent in this place.
 C = Inter-level travel time spent in this place.
 D = Time resting spent in this place.
 E = Time spent auto-exploring this place.
 F = Levels seen in this place.
 G = Mean time per level.
                   A        B        C        D        E       F      G
               +--------+--------+--------+--------+--------+-----+--------+
         Total |   2984 |   2924 |     60 |     69 |   2280 |   4 |  746.0 |
       Dungeon |   2443 |   2383 |     60 |     69 |   1895 |   3 |  814.3 |
         Sewer |    540 |    540 |      0 |      0 |    385 |   1 |  540.0 |
               +--------+--------+--------+--------+--------+-----+--------+

Top non-repeatable levels by time:
     D:2: 989 daAuts
     D:1: 738 daAuts
     D:3: 716 daAuts
   Sewer: 540 daAuts
